 Dungeon Crawl Stone Soup version 0.30-a0-956-gcec3b41aec (webtiles) character file.

Game seed: 10091104130336525487

39 billz999 the Twirler (level 3, -1/28 HPs)
             Began as a Gnoll Wanderer on Mar 30, 2023.
             Was an Initiate of Gozag.
             Slain by a black bear (6 damage)
             ... on level 2 of the Dungeon.
             The game lasted 00:02:29 (922 turns).

billz999 the Twirler (Gnoll Wanderer)                Turns: 922, Time: 00:02:29

Health: -1/28      AC:  4    Str:  8    XL:     3   Next: 45%
Magic:  7/7        EV: 11    Int: 13    God:    Gozag
Gold:   42         SH:  0    Dex: 14    Spells: 6/7 levels left

rFire   . . .      SeeInvis .    k - +1 whip (pain)
rCold   . . .      Faith    .    (no shield)
rNeg    . . .      Spirit   .    d - +0 robe
rPois   .          Reflect  .    (helmet currently unavailable)
rElec   .          Rampage  .    j - +0 cloak
rCorr   .                        b - +0 pair of gloves
Will    .....                    (boots currently unavailable)
Stlth   +++                      (no amulet)
HPRegen 0.24/turn                (no ring)
MPRegen 0.10/turn                (no ring)

@: appendages (expiring)
A: horns 2, talons 2, fangs 1, strong nose, distributed training
a: End Transformation, Renounce Religion, Potion Petition, Call Merchant, Bribe
Branch


You were on level 2 of the Dungeon.
You worshipped Gozag.
Gozag was noncommittal.
You had temporarily grown beastly horns and talons.
You visited 1 branch of the dungeon, and saw 2 of its levels.

You collected 57 gold pieces.
You paid 15 gold pieces to Gozag.

Inventory:

Hand Weapons
 a - a +0 quarterstaff
 k - a +1 whip of pain (weapon)
Armour
 b - a +0 pair of gloves (worn)
 d - a +0 robe (worn)
 j - a +0 cloak (worn)
Jewellery
 m - the ring "Diczyim" {rCorr MP+9 Str+3 Slay-4 SInv}
   (You took it off a goblin on level 2 of the Dungeon)

   [ring of magical power]

   Str:       It affects your strength (+3).
   Slay:      It affects your accuracy & damage with ranged weapons and melee
   (-4).
   MP:        It affects your magic capacity (+9).
   SInv:      It lets you see invisible.
   rCorr:     It protects you from acid and corrosion.
Scrolls
 h - a scroll of enchant armour {unknown}
 i - a scroll of immolation
 l - a scroll of teleportation {unknown}
Potions
 c - a potion of berserk rage
 e - a potion of resistance {unknown}
 f - a potion of mutation {unknown}
 g - 4 potions of curing {unknown}


   Skills:
 + Level 2.6 Fighting
 + Level 0.9 Short Blades
 + Level 0.9 Long Blades
 + Level 0.9 Axes
 + Level 0.9 Maces & Flails
 + Level 0.9 Polearms
 + Level 4.5 Staves
 + Level 0.9 Ranged Weapons
 + Level 0.9 Throwing
 + Level 2.6 Armour
 + Level 0.9 Dodging
 + Level 4.2 Stealth
 + Level 0.9 Shields
 + Level 0.9 Unarmed Combat
 + Level 2.8 Spellcasting
 + Level 0.6 Conjurations
 + Level 0.6 Hexes
 + Level 0.6 Summonings
 + Level 0.6 Necromancy
 + Level 0.6 Translocations
 + Level 3.8 Transmutations
 + Level 0.6 Fire Magic
 + Level 0.6 Ice Magic
 + Level 0.6 Air Magic
 + Level 0.6 Earth Magic
 + Level 0.6 Poison Magic
 + Level 1.0 Invocations
 + Level 2.6 Evocations


You had 6 spell levels left.
You knew the following spells:

 Your Spells              Type           Power      Damage    Failure   Level
a - Beastly Appendage     Tmut           22%        N/A       4%          1

Your spell library contained the following spells:

 Spells                   Type           Power      Damage    Failure   Level
 Ice Form                 Ice/Tmut       7%         N/A       67%         4
 Petrify                  Tmut/Erth      7%         N/A       67%         4


Dungeon Overview and Level Annotations

Branches:
Dungeon (2/15)

Altars:
Gozag


Innate Abilities, Weirdness & Mutations

You have temporarily grown beastly horns and talons.
You have very sharp teeth.
Your uncanny sense of smell can sniff out nearby items.
Your experience applies equally to all skills.


Message History

The black bear bites you.
The black bear claws you but does no damage.
The black bear claws you.
You closely miss the black bear. You claw the black bear.
Your headbutt misses the black bear.
The black bear is moderately wounded.
Your transformation is almost over.
The black bear bites you. The black bear closely misses you. x2
You barely miss the black bear. Your kick misses the black bear.
The black bear is moderately wounded.
The black bear bites you but does no damage.
The black bear closely misses you. The black bear barely misses you.
The black bear bites you but does no damage.
The black bear claws you but does no damage. x2
You barely miss the black bear.
You claw the black bear, but do no damage.
The black bear is moderately wounded.
The black bear barely misses you. The black bear claws you.
The black bear barely misses you.
You hit the black bear.
The black bear writhes in agony.
Your kick misses the black bear.
The black bear is heavily wounded.
The black bear bites you but does no damage.
The black bear claws you. The black bear misses you.
You closely miss the black bear.
You claw the black bear, but do no damage.
The black bear is heavily wounded.
The black bear bites you!
* * * LOW HITPOINT WARNING * * *
The black bear claws you.
* * * LOW HITPOINT WARNING * * *
The black bear barely misses you.
You closely miss the black bear. You headbutt the black bear!
The black bear is severely wounded.
The black bear goes berserk!
You hit the black bear. Your bite misses the black bear.
The black bear is almost dead.
The black bear bites you.
You die...
Your body crumbles into a pile of gold.

∆ ∆ # ##### ### #
..####h..##########.####
#......@..!..#......##..
................##........
.###........##............
....#.#..#................ ∆
>##....#......$...##...### .
###..####.#..^...#...##.#.#.. ..
#.>..............#...........
.#.##<......#..#.##..#..###.###.[
................. .#..##. .#...#.


You could see a black bear (berserk).

Vanquished Creatures
  A dart slug (D:1)
  3 ball pythons
  2 bats (D:1)
  4 endoplasms
  A giant cockroach (D:1)
  6 goblins
  4 hobgoblins
  5 kobolds
  A quokka (D:1)
  A frilled lizard (D:1)
  2 rats (D:1)
30 creatures vanquished.

Notes
Turn   | Place    | Note
-------+----------+-------------------------------------------
     0 | D:1      | billz999 the Gnoll Wanderer began the quest for the Orb.
     0 | D:1      | billz999 set off with the following items: a +0
                  | quarterstaff, a +0 pair of gloves, a potion of berserk
                  | rage, a +0 robe; and the following spell memorised: Beastly
                  | Appendage; and the following spells available to memorise:
                  | Ice Form, Petrify.
     0 | D:1      | Reached XP level 1. HP: 17/17 MP: 4/4
   117 | D:1      | Reached XP level 2. HP: 23/23 MP: 5/5
   453 | D:1      | Reached XP level 3. HP: 28/28 MP: 7/7
   455 | D:1      | Found a faded altar of an unknown god.
   747 | D:2      | Found an opulent altar of Gozag.
   755 | D:2      | Became a worshipper of Gozag Ym Sagoz the Greedy
   771 | D:2      | Reached skill level 1 in Invocations
   863 | D:2      | Identified the ring "Diczyim" {rCorr MP+9 Str+3 Slay-4
                  | SInv}
   899 | D:2      | Noticed a black bear
   922 | D:2      | Slain by a black bear

Illustrated notes

Levels and vault maps discovered:
D:1:      shiori_arrival_maze, layout_basic, hellmonk_ecumenical_altar_blasted,
          item_on_display_a
D:2:      layout_rooms, basic_altar, hangedman_glass_teeth,
          minmay_misc_feat_cross, nicolae_titane, uniq_terence

Skill      XL: |  1  2  3 |
---------------+----------+-----
Invocations    | 1 |  1.0
Fighting       | |  2.6
Short Blades   | |  0.9
Long Blades    | |  0.9
Axes           | |  0.9
Maces & Flails | |  0.9
Polearms       | |  0.9
Staves         | |  4.5
Ranged Weapons | |  0.9
Throwing       | |  0.9
Armour         | |  2.6
Dodging        | |  0.9
Stealth        | |  4.2
Shields        | |  0.9
Unarmed Combat | |  0.9
Spellcasting   | |  2.8
Conjurations   | |  0.6
Hexes          | |  0.6
Summonings     | |  0.6
Necromancy     | |  0.6
Translocations | |  0.6
Transmutations | |  3.8
Fire Magic     | |  0.6
Ice Magic      | |  0.6
Air Magic      | |  0.6
Earth Magic    | |  0.6
Poison Magic   | |  0.6
Evocations     | |  2.6

Action                     || total
---------------------------++-------
  Melee: Quarterstaff      ||    69
         Bite              ||    10
         Whip              ||    30
         Kick              ||     3
         Headbutt          ||     1
   Cast: Beastly Appendage ||     1
   Stab: Sleeping          ||     8
 Armour: Robe              ||    46
  Dodge: Dodged            ||    89

Table legend: (Time is in decaauts)
 A = Elapsed time spent in this place.
 B = Non-inter-level travel time spent in this place.
 C = Inter-level travel time spent in this place.
 D = Time resting spent in this place.
 E = Time spent auto-exploring this place.
 F = Levels seen in this place.
 G = Mean time per level.
                   A        B        C        D        E       F      G
               +--------+--------+--------+--------+--------+-----+--------+
         Total |    928 |    921 |      7 |     67 |    543 |   2 |  464.0 |
       Dungeon |    928 |    921 |      7 |     67 |    543 |   2 |  464.0 |
               +--------+--------+--------+--------+--------+-----+--------+

Top non-repeatable levels by time:
     D:1: 742 daAuts
     D:2: 185 daAuts
